 Dungeon Crawl Stone Soup version 0.23.2 (webtiles) character file.

Game seed: 12179176700606080647

194 Fang the Skirmisher (level 5, -6/51 HPs)
             Began as a Gargoyle Berserker on Apr 1, 2019.
             Was a Believer of Trog.
             Mangled by Blork the orc
             ... wielding a +0 battleaxe
              (12 damage)
             ... on level 4 of the Dungeon.
             The game lasted 00:02:23 (3310 turns).

Fang the Skirmisher (Gargoyle Berserker)            Turns: 3310, Time: 00:02:24

Health: -6/51      AC:  7    Str: 27    XL:     5   Next: 73%
Magic:  5/5        EV: 12    Int:  7    God:    Trog [**....]
Gold:   193        SH:  0    Dex:  9    Spells: 4/4 levels left

rFire    . . .     SeeInvis .   a - +0 hand axe
rCold    . . .     Gourm    .   (no shield)
rNeg     + . .     Faith    .   b - +0 animal skin
rPois    ∞         Spirit   .   m - +1 hat
rElec    +         Reflect  .   (no cloak)
rCorr    .         Harm     .   (no gloves)
MR       .....                  (no boots)
Stlth    ..........             f - amulet of the acrobat
HPRegen  0.17/turn              (no ring)
MPRegen  0.09/turn              (no ring)

@: berserking, very quick
A: negative energy resistance 1, electricity resistance, unbreathing,
petrification resistance, rot immunity, AC +4
a: Berserk, Trog's Hand, Renounce Religion


You were on level 4 of the Dungeon.
You worshipped Trog.
Trog was pleased with you.
You were hungry.

You visited 1 branch of the dungeon, and saw 4 of its levels.

You collected 193 gold pieces.

Inventory:

Hand Weapons
 a - a +0 hand axe (weapon)
Armour
 b - a +0 animal skin (worn)
 m - a +1 hat (worn)
Jewellery
 f - an amulet of the acrobat (around neck)
Wands
 q - a wand of random effects (14)
Scrolls
 d - 5 scrolls of identify {unknown}
 g - a scroll of blinking {unknown}
 h - 2 scrolls of remove curse {unknown}
 j - 2 scrolls of magic mapping {unknown}
 l - a scroll of fear {unknown}
 o - a scroll of enchant weapon {unknown}
 r - a scroll of immolation {unknown}
 s - 2 scrolls of teleportation {unknown}
Potions
 e - 2 potions of degeneration {unknown}
 i - a potion of heal wounds {unknown}
 k - a potion of resistance {unknown}
 n - a potion of curing {unknown}
 t - 2 potions of brilliance {unknown}
Comestibles
 c - 4 rations


   Skills:
 + Level 4.3 Fighting
 + Level 3.6 Axes
 + Level 3.7 Armour
 + Level 2.6 Dodging


You had 4 spell levels left.
You didn't know any spells.
Your spell library was empty.

Dungeon Overview and Level Annotations

Branches:
Dungeon (4/15)             Temple (0/1) D:4

Altars:
Kikubaaqudgha
Ru
Zin

Annotations:
D:4 Blork the orc


Innate Abilities, Weirdness & Mutations

You are resistant to torment.
Your stone body is resilient. (AC +4)
You are immune to poison.
You resist negative energy. (rN+)
You are resistant to electric shocks. (rElec)
You can survive without breathing.
You are immune to petrification.
You are immune to rotting.


Message History

You are too injured to fight recklessly!
You are too injured to fight recklessly!
You are too injured to fight recklessly!
You are too injured to fight recklessly!
You are too injured to fight recklessly!
You are too injured to fight recklessly!
You are too injured to fight recklessly!
You are too injured to fight recklessly!
You are too injured to fight recklessly!
A red film seems to cover your vision as you go berserk!
You feel yourself moving faster!
You feel mighty!
You are feeling hungry.
The worker ant barely misses you. Something hits you!
* * * LOW HITPOINT WARNING * * *
The worker ant closely misses you.
You hit the worker ant.
You kill the worker ant!
Trog accepts your kill.
You closely miss something. Something hits you!
You die...

...###.#..........
.......<........#
.>..⌠...........#
................#
...###...........
.⌠ #.........#..# .
#..(.....## .###.
..........##......
...........@†......
........#.........#
......##......(...
.............#....
####.........# ...
.##.....### .#
..##### # ...


There were no monsters in sight!

Vanquished Creatures
  An orc wizard (D:3)
  A worker ant (D:4)
  4 adders
  2 oozes (D:1)
  3 worms (D:2)
  3 dart slugs
  2 leopard geckos (D:1)
  6 orcs (D:3)
  15 bats
  6 giant cockroaches
  5 goblins
  5 hobgoblins
  9 kobolds
  3 quokkas
  A ball python (D:2)
  5 frilled lizards
  6 rats
77 creatures vanquished.

Notes
Turn   | Place    | Note
-------+----------+-------------------------------------------
     0 | D:1      | Fang the Gargoyle Berserker began the quest for the Orb.
     0 | D:1      | Reached XP level 1. HP: 14/14 MP: 1/1
   127 | D:1      | Reached XP level 2. HP: 5/19 MP: 2/2
   479 | D:1      | Reached XP level 3. HP: 15/23 MP: 3/3
   773 | D:1      | Reached ** piety under Trog
   994 | D:2      | HP: 1/24 [worm (5)]
  1415 | D:2      | Reached XP level 4. HP: 28/29 MP: 4/4
  1505 | D:2      | Found a sacrificial altar of Ru.
  1763 | D:2      | Reached skill level 4 in Fighting
  2060 | D:2      | Found an ancient bone altar of Kikubaaqudgha.
  2349 | D:3      | Reached XP level 5. HP: 32/33 MP: 5/5
  2928 | D:3      | Found a glowing silver altar of Zin.
  3294 | D:4      | Found a staircase to the Ecumenical Temple.
  3302 | D:4      | Noticed Blork the orc
  3310 | D:4      | Mangled by Blork the orc

Skill      XL: |  1  2  3  4 |
---------------+-------------+-----
Axes           | 3 |  3.6
Dodging        | 2 |  2.6
Armour         | 3 |  3.7
Fighting       | 4 |  4.3

Action                   |  1- 3 |  4- 6 || total
-------------------------+-------+-------++-------
Melee: Hand axe          |   130 |   146 ||   276
Invok: Berserk           |       |     1 ||     1
 Stab: Sleeping          |     1 |     1 ||     2
  Eat: Chunk             |     2 |     6 ||     8
Armor: Animal skin       |    41 |    45 ||    86
Dodge: Dodged            |   133 |   119 ||   252
